AoeStats
← AUTHENTIC DEXTER KENT

Arabia

508558319Analyzed
1v1 RM · 9d ago on Sep 23, 2026· 32m 6s· 2 players
Game mode
Random Map
Map size
Tiny (2 player)
Population
200
Speed
Normal
Resources
Standard
Victory
Conquest
Starting age
Dark Age
Ending age
Imperial Age
RankedLock teamsTeams togetherTeam positionsShared explorationLock speedFull tech treeHidden civsTurbo modeCheats
Victory
Defeat
🇨🇳 Huns · China
1300
+14
🇦🇷 Franks · Argentina
1254
-14
雀归鸣
8:36 Feudal Age
9:02 Double-Bit Axe
9:05 Loom
9:22 Horse Collar
20:15 Castle Age
19:20 Fletching
19:31 Padded Archer Armor
20:10 Bloodlines
21:19 Bow Saw
22:32 Wheelbarrow
22:54 Husbandry
25:08 Bodkin Arrow
25:54 Town Watch
28:02 Scale Barding Armor
28:56 Ballistics
AUTHENTIC DEXTER KENT
7:26 Loom
9:17 Feudal Age
10:33 Double-Bit Axe
18:06 Forging
21:55 Castle Age
20:31 Scale Barding Armor
21:08 Fletching
21:22 Gold Mining
21:58 Light Cavalry
24:18 Iron Casting
24:20 Bow Saw
25:54 Padded Archer Armor
25:59 Husbandry
30:12 Chain Barding Armor
31:12 Stone Mining
Connection lost

Rejoining the realm…

Still unreachable

The connection could not be restored.

Session expired

The server has moved on; the page needs a fresh start.